 Dungeon Crawl Stone Soup version 0.19.1 (webtiles) character file.

186 snakesoul the Cudgeler (level 5, -1/51 HPs)
             Began as a Gargoyle Berserker on Dec 8, 2016.
             Was a Believer of Trog.
             Killed by divine providence
             ... invoked by an orc priest
              (12 damage)
             ... on level 4 of the Dungeon.
             The game lasted 00:04:05 (2627 turns).

snakesoul the Cudgeler (Gargoyle Berserker)         Turns: 2627, Time: 00:04:06

Health: -1/51      AC: 11    Str: 27    XL:     5   Next: 65%
Magic:  5/5        EV: 10    Int:  7    God:    Trog [**....]
Gold:   94         SH:  0    Dex:  9    Spells: 0 memorised, 4 levels left

rFire  . . .     SeeInvis .     a - +0 mace
rCold  . . .     Gourm    .     g - +0 scale mail
rNeg   + . .     Faith    .     (no shield)
rPois  ∞         Spirit   .     (no helmet)
rElec  +         Reflect  .     (no cloak)
rCorr  .         Harm     .     o - +0 pair of gloves
MR     .....                    (no boots)
Stlth  ..........               (no amulet)
                                (no ring)
                                (no ring)

@: berserking, very quick
A: negative energy resistance 1, electricity resistance, unbreathing,
petrification resistance, rot immunity, AC +4
a: Berserk, Trog's Hand, Burn Spellbooks, Renounce Religion


You were on level 4 of the Dungeon.
You worshipped Trog.
Trog was pleased with you.
You were very hungry.

You visited 1 branch of the dungeon, and saw 4 of its levels.

You collected 94 gold pieces.

Inventory:

Hand Weapons
 a - a +0 mace (weapon)
Armour
 g - a +0 scale mail (worn)
 o - a +0 pair of gloves (worn)
Jewellery
 t - an uncursed ring of flight {unknown}
Scrolls
 f - 3 scrolls of amnesia {unknown}
 h - 2 scrolls of identify {unknown}
 i - 3 scrolls of teleportation {unknown}
 j - a scroll of remove curse {unknown}
 k - 2 scrolls of enchant weapon {unknown}
 m - 2 scrolls of enchant armour {unknown}
 u - a scroll of immolation {unknown}
 v - a scroll of magic mapping {unknown}
Potions
 d - 2 potions of resistance {unknown}
 e - 3 potions of berserk rage {unknown}
 l - a potion of degeneration {unknown}
 p - a potion of curing {unknown}
 q - a potion of magic {unknown}
 r - a potion of flight {unknown}
Comestibles
 b - a beef jerky
 c - 4 bread rations
 n - a meat ration
 s - 3 chunks of flesh


   Skills:
 + Level 4.7 Fighting
 * Level 5.3 Maces & Flails
 - Level 2.1 Armour
 - Level 1.5 Dodging


You had 4 spell levels left.
You didn't know any spells.

Dungeon Overview and Level Annotations

Branches:
Dungeon (4/15)
 Temple: D:4-7

Altars:


Innate Abilities, Weirdness & Mutations

You are resistant to torment.
Your stone body is resilient. (AC +4)
You are immune to poison.
You resist negative energy. (rN+)
You are resistant to electric shocks. (rElec)
You can survive without breathing.
You are immune to petrification.
You are immune to rotting.


Message History

The orc wizard hits you but does no damage.
You closely miss the orc wizard.
The orc wizard is almost dead.
The orc wizard hits you but does no damage. x2
You closely miss the orc wizard.
The orc wizard is almost dead.
The orc wizard points at you and mumbles some strange words.
The magic dart hits you!
You thump the orc wizard!
You kill the orc wizard!
Trog accepts your kill.
Trog appreciates your killing of a magic user.
The orc priest closely misses you.
Things that are here:
a dagger; a robe You hit the orc priest.
The orc priest is heavily wounded.
The orc priest mumbles some strange prayers to Beogh against you.
Beogh smites you!
You die...

#. #..# ###.# #..#
#...# #..# #..#
#..# # ##(## #..#
#. #...####..#
#.####.........#
#.#.....#####o#
#..#.....# #@#
##......)# #.#
######.......###†#
......<..........#
.#####.......#####
#.......#
#.......#
#.##.#### #.##..#


You could see an orc priest.

Vanquished Creatures
  2 orc wizards
  A worker ant (D:4)
  3 adders
  An ooze (D:3)
  A worm (D:3)
  2 dart slugs (D:1)
  A leopard gecko (D:1)
  4 orcs
  4 giant cockroaches
  12 hobgoblins
  4 jackals (D:3)
  A quokka (D:2)
  A ball python (D:3)
  5 bats
  2 frilled lizards
  3 goblins
  5 kobolds
  10 rats
62 creatures vanquished.

Notes
Turn   | Place    | Note
-------+----------+-------------------------------------------
     0 | D:1      | snakesoul the Gargoyle Berserker began the quest for the Orb.
     0 | D:1      | Reached XP level 1. HP: 14/14 MP: 1/1
   282 | D:1      | Reached XP level 2. HP: 15/19 MP: 2/2
   887 | D:2      | Reached XP level 3. HP: 18/24 MP: 3/3
  1120 | D:2      | Reached skill level 4 in Maces & Flails
  1325 | D:2      | Reached ** piety under Trog
  1597 | D:3      | Found a faded altar of an unknown god.
  1626 | D:3      | Reached XP level 4. HP: 25/29 MP: 4/4
  2021 | D:3      | Reached XP level 5. HP: 34/34 MP: 5/5
  2452 | D:4      | Reached skill level 5 in Maces & Flails
  2627 | D:4      | Killed from afar by an orc priest

Skill      XL: |  1  2  3  4  5 |
---------------+----------------+-----
Maces & Flails | 4 5 |  5.3
Fighting       | 4 |  4.7
Armour         | |  2.1
Dodging        | |  1.5

Action                   |  1- 3 |  4- 6 || total
-------------------------+-------+-------++-------
Melee: Mace              |   129 |   105 ||   234
Invok: Burn Spellbooks   |     1 |       ||     1
       Berserk           |       |     2 ||     2
  Eat: Chunk             |     2 |     4 ||     6
Armor: Scale mail        |    64 |    48 ||   112
       Animal skin       |     2 |       ||     2
Dodge: Dodged            |    89 |    55 ||   144
